 Dungeon Crawl Stone Soup version 0.17-a0-1397-g0eee0a3 (webtiles) character file.

10574 Fluffy the Basher (level 11, -5/69 HPs)
             Began as a Gargoyle Fighter on June 17, 2015.
             Was a High Priest of Okawaru.
             Killed by divine providence
             ... invoked by an orc priest
              (16 damage)
             ... on level 11 of the Dungeon.
             The game lasted 00:24:47 (9617 turns).

Fluffy the Basher (Gargoyle Fighter)                Turns: 9617, Time: 00:24:47

Health: -5/69      AC: 26    Str: 20    XL:     11   Next: 64%
Magic:  16/16      EV:  5    Int: 12    God:    Okawaru [*****.]
Gold:   643        SH: 11    Dex: 12    Spells: 0 memorised, 10 levels left

rFire  . . .     SeeInvis .     x - +2 mace (holy)
rCold  . . .     Clarity  .     y - +0 plate armour
rNeg   + + .     SustAt   .     c - +0 shield
rPois  ∞         Gourm    +     D - +0 helmet
rElec  +         Spirit   .     (no cloak)
rCorr  .         Warding  .     w - +0 pair of gloves
rMut   .         Stasis   .     m - +1 pair of boots
MR     .....                    k - amulet of the gourmand
Stlth  ..........               u - +3 ring of intelligence
                                h - ring of positive energy

@: not resistant to hostile enchantments, extremely unstealthy
A: negative energy resistance 1, electricity resistance, unbreathing,
petrification resistance, rot immunity, AC +7
a: Heroism, Finesse, Renounce Religion


You were on level 11 of the Dungeon.
You worshipped Okawaru.
Okawaru was extremely pleased with you.
You were very full.

You visited 2 branches of the dungeon, and saw 12 of its levels.

You collected 643 gold pieces.

Inventory:

Hand weapons
 x - a +2 mace of holy wrath (weapon)
Armour
 c - a +0 shield (worn)
 m - a +1 pair of boots (worn)
 w - a +0 pair of gloves (worn)
 y - a +0 plate armour (worn)
 D - a +0 helmet (worn)
 E - the +1 ring mail "Huton" {*Confuse Str+4 Dex+9, unknown}
   (You found it on level 8 of the Dungeon)

   It affects your strength (+4).
   It affects your dexterity (+9).
   It may confuse you when you take damage.
Jewellery
 h - a ring of positive energy (left hand)
 k - an amulet of the gourmand (around neck)
 s - an uncursed ring of ice
 u - a +3 ring of intelligence (right hand)
 A - an uncursed ring of sustain attributes
Magical devices
 b - a wand of digging (7)
 o - a wand of enslavement (17)
 F - a wand of disintegration (1)
 G - a wand of cold (4)
 I - a wand of lightning (3)
Scrolls
 a - 2 scrolls of magic mapping
 i - 2 scrolls of identify
 l - 2 scrolls of recharging
 q - 3 scrolls of teleportation
 t - 2 scrolls of enchant weapon
 C - a scroll of blinking
 J - 2 scrolls of amnesia
 K - a scroll of fear
Potions
 d - a potion of might
 j - a potion of agility
 n - 2 potions of ambrosia
 r - a potion of heal wounds
 v - 3 potions of flight
 B - a potion of curing
 H - a potion of magic
Comestibles
 e - 5 bread rations
 f - 3 slices of pizza
 g - 6 meat rations
 p - 4 beef jerkies
 z - 8 royal jellies


   Skills:
 + Level 8.3 Fighting
 + Level 11.4 Maces & Flails
 + Level 8.7 Armour
 + Level 8.4 Shields
 + Level 7.5 Invocations


You had 10 spell levels left.
You didn't know any spells.

Dungeon Overview and Level Annotations

Branches:
Dungeon (11/15)            Temple (1/1) D:5            Lair (0/8) D:10
    Orc: D:9-12

Altars:
Ashenzari
Cheibriados
Dithmenos
Elyvilon
Fedhas
Gozag
Kikubaaqudgha
Makhleb
Nemelex Xobeh
Okawaru
Qazlal
Ru
Sif Muna
Trog
Vehumet
Xom
Yredelemnul
Zin
The Shining One

Shops:
D:9 :

Annotations:
D:3 1 runed door


Innate Abilities, Weirdness & Mutations

You are resistant to torment.
Your stone body is resilient (AC +7).
You are immune to poison.
You resist negative energy.
You are resistant to electric shocks.
You can survive without breathing.
You are immune to petrification.
You are immune to rotting.


Message History

You sock the manticore!
The manticore is almost dead.
The manticore bites you.
The manticore claws you but does no damage.
You block the manticore's attack.
You hit the manticore.
The manticore is almost dead.
You block the manticore's attack. x3
You hit the manticore.
The manticore is almost dead.
You hit the manticore.
The manticore is almost dead.
The manticore bites you.
* * * LOW HITPOINT WARNING * * *
The manticore claws you but does no damage.
The manticore claws you!
* * * LOW HITPOINT WARNING * * *
The orc priest invokes the aid of Beogh against you.
Something smites you!
You die...

#...#.##.## #...##†#.#.
#..##.#.#.# #..#.#.#.#.
#...#.#.#.# #..###.#.#.
. #...#.#.#†#
....##########...####.#.
....ooH@...........####.
....####)...............
. #........#.....#.
##..).....###.###.
#..............##.
##..###≈..≈###.....
#..#...#≈≈#...#.###
#..#.⌠.#≈≈#.⌠.#.##.
#..#...#≈≈#...#....


You could see a manticore, an orc priest and an orc.

Vanquished Creatures
  Erolcha (D:9)
  A hill giant (D:11)
  2 ugly things
  2 gargoyles
  A troll (D:7)
  A queen bee (D:11)
  The ghost of Fluffy the Cudgeler, an average GrFi (D:5)
  8 yaks
  A hungry ghost (D:8)
  3 water moccasins
  6 centaurs
  5 ogres
  4 black bears
  4 phantoms
  2 necrophages
  A crocodile (D:10)
  4 orc warriors
  An ice beast (D:11)
  4 big kobolds
  4 giant frogs
  4 scorpions
  5 wights (D:7)
  14 killer bees (D:11)
  2 centaur zombies
  2 giant frog zombies
  5 crimson imps
  4 jellies
  2 centaur skeletons
  2 orc priests
  A giant frog skeleton (D:4)
  5 hounds
  7 orc wizards
  5 iguanas
  Jessica (D:2)
  A quasit (D:7)
  7 worker ants
  2 hound skeletons
  A worker ant zombie (D:9)
  10 adders
  8 gnolls
  5 shadow imps
  10 giant geckos
  40 orcs
  2 ball pythons
  2 bat zombies (D:6)
  16 hobgoblins
  10 jackals
  9 bats
  10 giant cockroaches
  A giant cockroach zombie (D:5)
  A giant gecko skeleton (D:4)
  5 giant newts
  11 goblins
  32 kobolds
  A quokka (D:9)
  2 quokka skeletons
  14 rats
315 creatures vanquished.

Notes
Turn   | Place    | Note
--------------------------------------------------------------
     0 | D:1      | Fluffy the Gargoyle Fighter began the quest for the Orb.
     0 | D:1      | Reached XP level 1. HP: 14/14 MP: 1/1
    75 | D:1      | Reached XP level 2. HP: 13/19 MP: 2/2
   346 | D:1      | Reached XP level 3. HP: 14/23 MP: 3/3
   737 | D:2      | Noticed Jessica
   747 | D:2      | Killed Jessica
   747 | D:2      | Reached skill level 4 in Maces & Flails
   747 | D:2      | Reached XP level 4. HP: 26/28 MP: 4/4
  1342 | D:3      | Noticed a centaur
  1360 | D:3      | Killed a centaur
  1360 | D:3      | Reached skill level 5 in Maces & Flails
  1360 | D:3      | Reached XP level 5. HP: 10/32 MP: 5/5
  1582 | D:3      | You fall through a shaft!
  1675 | D:4      | Reached skill level 6 in Maces & Flails
  1763 | D:4      | Reached XP level 6. HP: 25/37 MP: 6/6
  2217 | D:3      | Found a glowing golden altar of the Shining One.
  2218 | D:3      | Found a runed door.
  2218 | D:3      | Noticed an angel
  2492 | D:4      | Noticed an ogre
  2500 | D:4      | Killed an ogre
  2500 | D:4      | Reached skill level 7 in Maces & Flails
  2591 | D:4      | Reached XP level 7. HP: 41/41 MP: 7/7
  3037 | D:4      | Reached skill level 8 in Maces & Flails
  3194 | D:5      | Entered Level 5 of the Dungeon
  3194 | D:5      | Noticed Fluffy's ghost (average GrFi)
  3325 | D:5      | Reached skill level 9 in Maces & Flails
  3325 | D:5      | Reached XP level 8. HP: 40/46 MP: 8/8
  3431 | D:5      | Found a staircase to the Ecumenical Temple.
  3450 | Temple   | Entered the Ecumenical Temple
  3460 | Temple   | Became a worshipper of Warmaster Okawaru
  3613 | D:5      | Killed Fluffy's ghost
  3613 | D:5      | Reached skill level 1 in Invocations
  3867 | D:5      | You fall through a shaft!
  4060 | D:5      | Acquired Okawaru's first power
  4387 | D:6      | Reached XP level 9. HP: 52/52 MP: 10/10
  4466 | D:6      | Found a sparkling altar of Nemelex Xobeh.
  4515 | D:6      | Reached skill level 5 in Armour
  4793 | D:6      | Found a bloodstained altar of Trog.
  4880 | D:7      | Reached skill level 5 in Fighting
  4915 | D:7      | Reached skill level 5 in Shields
  5304 | D:7      | Reached skill level 10 in Maces & Flails
  5692 | D:7      | HP: 3/82 [centaur (4)]
  5812 | D:7      | Reached XP level 10. HP: 25/60 MP: 13/13
  6378 | D:8      | Reached skill level 5 in Invocations
  6554 | D:8      | Got a translucent ring mail
  6864 | D:9      | Noticed Erolcha
  6894 | D:9      | Killed Erolcha
  7531 | D:9      | Found a staircase to the Orcish Mines.
  7788 | D:9      | Found Nogarhyses's Book Shoppe.
  7942 | D:9      | Reached XP level 11. HP: 43/67 MP: 15/15
  8164 | D:10     | Entered Level 10 of the Dungeon
  8206 | D:10     | Found a staircase to the Lair.
  8492 | D:10     | Reached skill level 11 in Maces & Flails
  8519 | D:10     | Found a glowing golden altar of the Shining One.
  8721 | D:10     | Acquired Okawaru's second power
  9188 | D:11     | Noticed a hill giant
  9206 | D:11     | Killed a hill giant
  9617 | D:11     | Killed from afar by an orc priest

Vault maps used:
D:1:      enne_arrival_octagon_isle, corner_web_ring
D:2:      uniq_jessica
D:3:      lemuel_angel_altar
D:5:      minmay_temple_entry_grid, first_bread, glass_columns_c
D:6:      nemelex_deck, trog_book
D:9:      orc_0_dummy, serial_shops, shop, uniq_erolcha
D:10:     lair_0_dummy, basic_altar
D:11:     serial_shops, nicolae_shop_crystal, david_nohive_1, solitary_fountain,
          hex_large, fountainhead, kb_rosetta
Temple:   dpeg_three_leaves_temple_18

Action                   |  1- 3 |  4- 6 |  7- 9 | 10-12 || total
-------------------------+-------+-------+-------+-------++-------
Melee: Flail             |   161 |   147 |       |       ||   308
       Mace              |       |    33 |   669 |   755 ||  1457
Invok: Heroism           |       |       |       |     3 ||     3
Evoke: Wand              |       |       |       |     1 ||     1
  Use: Scroll            |       |       |    15 |     3 ||    18
       Potion            |       |       |     2 |     1 ||     3
  Eat: Chunk             |     2 |    12 |    13 |    12 ||    39
       Bread ration      |       |       |       |     1 ||     1
